 Dungeon Crawl Stone Soup version 0.31-a0-1300-gb6740aa4e6 (webtiles) character file.

Game seed: 13787946650540971583

2727 thriggle the Sneak (level 9, -2/56 HPs)
             Began as an Octopode Hedge Wizard on Nov 2, 2023.
             Was an Elder of Vehumet.
             Slain by a steam dragon (7 damage)
             ... on level 8 of the Dungeon on Dec 18, 2023.
             The game lasted 00:37:26 (6315 turns).

thriggle the Sneak (Octopode Hedge Wizard)          Turns: 6315, Time: 00:37:27

Health: -2/56      AC:  3    Str: 16    XL:     9   Next: 67%
Magic:  13/16      EV: 16    Int: 18    God:    Vehumet [****..]
Gold:   660        SH:  0    Dex: 25    Spells: 1/17 levels left

rFire   . . .        h - +2 dagger (venom)
rCold   . . .        (no shield)
rNeg    . . .        b - +2 hat
rPois   +            (no amulet)
rElec   .            d - ring of poison resistance
rCorr   .            l - +6 ring of strength
SInv    .            s - +6 ring of dexterity
Will    .....        w - +6 ring of dexterity
Stlth   +++++        (no ring)
HPRegen 0.29/turn    (no ring)
MPRegen 0.15/turn    (no ring)
                     (no ring)

%: no passive effects
@: very slightly contaminated
A: almost no armour, amphibious, 8 rings, camouflage 1, gelatinous body 1,
(nimble swimmer 1), tentacles
a: Renounce Religion


You were on level 8 of the Dungeon.
You worshipped Vehumet.
Vehumet was greatly pleased with you.
You visited 1 branch of the dungeon, and saw 8 of its levels.
You also visited: Ossuary.

You collected 660 gold pieces.

Inventory:

Hand Weapons
 g - a +0 short sword
 h - a +2 dagger of venom (weapon)
 p - a +2 dagger of electrocution
 v - a +0 trident
Missiles
 e - 16 poisoned darts
 f - 49 stones
Armour
 b - a +2 hat (worn)
 i - the +3 warlock's mirror {omnireflect}
   (You acquired it on level 7 of the Dungeon)

   Omnireflect: It can block and reflect piercing ranged attacks and magical
   attacks against the wielder's willpower.
Magical Staves
 r - a staff of air
Jewellery
 d - a ring of poison resistance (left tentacle)
 j - the amulet "Wiq Qiwn" {Spirit rElec rC- Dex+3 SInv}
   (You took it off an orc priest on level 4 of the Dungeon)

   [amulet of guardian spirit]

   Spirit:    It causes incoming damage to be divided between your reserves of
   health and magic.
   Dex+3:     It affects your dexterity (+3).
   rC-:       It makes you vulnerable to cold.
   rElec:     It insulates you from electricity.
   SInv:      It lets you see invisible.
 l - a +6 ring of strength (right tentacle)
 s - a +6 ring of dexterity (on tentacle)
 w - a +6 ring of dexterity (on tentacle)
Wands
 a - a wand of paralysis (13)
 D - a wand of light (11)
Scrolls
 k - a scroll of enchant weapon
 m - a scroll of teleportation
 o - a scroll of fear {unknown}
 x - a scroll of enchant armour
 y - a scroll of fog {unknown}
 A - a scroll of poison
 B - a scroll of immolation {unknown}
Potions
 c - a potion of magic
 n - a potion of degeneration {unknown}
 q - a potion of curing
 t - a potion of mutation {unknown}
 u - a potion of haste {unknown}
 z - 2 potions of brilliance


   Skills:
 + Level 3.0 Fighting
 + Level 4.2 Short Blades
 + Level 4.6 Dodging
 + Level 6.6 Stealth
 + Level 1.0 Shields
 + Level 4.8 Spellcasting
 + Level 4.1 Conjurations
 + Level 2.9 Hexes
 - Level 2.1 Summonings
 - Level 2.1 Translocations
 - Level 1.0 Transmutations
 - Level 2.0 Fire Magic
 - Level 2.0 Air Magic
 + Level 4.6 Poison Magic
 + Level 3.5 Evocations


You had one spell level left.
You knew the following spells:

 Your Spells              Type           Power      Damage    Failure   Level
a - Magic Dart            Conj           76%        1d6       1%          1
b - Blink                 Tloc           24%        N/A       9%          2
c - Slow                  Hex            56%        N/A       4%          1
d - Call Imp              Summ           24%        N/A       9%          2
e - Shock                 Conj/Air       60%        1d6       1%          1
f - Mephitic Cloud        Conj/Pois/Air  17%        N/A       2%          3
g - Ignite Poison         Fire/Tmut/Pois 13%        N/A       4%          3
h - Confusing Touch       Hex            14%        N/A       12%         3

Your spell library contained the following spells:

 Spells                   Type           Power      Damage    Failure   Level
 Fulminant Prism          Conj/Hex       8%         3d6       9%          4
 Kiss of Death            Conj/Necr      44%        2d8       1%          1
 Apportation              Tloc           24%        N/A       5%          1
 Summon Small Mammal      Summ           48%        N/A       5%          1
 Necrotise                Necr           16%        1d4       14%         1
 Cigotuvi's Dreadful Rot  Necr/Pois/Air  24%        N/A       9%          2
 Sigil of Binding         Hex            14%        N/A       12%         3
 Summon Guardian Golem    Hex/Summ       13%        N/A       14%         3
 Call Canine Familiar     Summ           12%        N/A       17%         3
 Ozocubu's Armour         Ice            4%         N/A       38%         3
 Dimensional Bullseye     Hex/Tloc       6%         N/A       43%         4
 Dispel Undead            Necr           4%         3d7       80%         4
 Orb of Destruction       Conj           9%         9d6       99%         7
 Spellforged Servitor     Conj/Summ      7%         N/A       99%         7
 Ozocubu's Refrigeration  Ice            2%         4d7       100%        7


Dungeon Overview and Level Annotations

Branches:
Dungeon (8/15)             Temple (0/1) D:7         Ossuary (visited)
   Lair: D:8-11

Altars:
Elyvilon
Hepliaklqana
Vehumet
Yredelemnul

Shops:
D:3 :   D:6 :


Innate Abilities, Weirdness & Mutations

You cannot wear most types of armour.
You are amphibious.
You can wear up to eight rings at the same time.
Your skin changes colour to match your surroundings (Stealth+).
Your rubbery body absorbs attacks. (AC +1, EV +1)
((You are camouflaged when in or above water. (Stealth+)))
You have tentacles for arms and can constrict up to eight enemies at once.


Message History

The helpless bullfrog fails to defend itself.
You perforate the bullfrog like a sieve!!!
You kill the bullfrog!
Vehumet accepts your kill.
Your Shields skill increases to level 1!
A steam dragon comes into view.
A howler monkey comes into view.
Found 3 stones and a flail.
The steam dragon hisses angrily.
The steam dragon breathes steam at you. The ball of steam misses you.
The howler monkey barely misses you.
You hear a shout!
The steam dragon misses you. The steam dragon closely misses you.
You hit the steam dragon.
The steam dragon is poisoned.
Your squeeze misses the steam dragon.
The steam dragon is lightly wounded.
The howler monkey misses you. The steam dragon breathes steam at you.
The ball of steam hits you!!
You are engulfed in a cloud of scalding steam.
The howler monkey is engulfed in a cloud of scalding steam.
The howler monkey hits you.
* * * LOW HITPOINT WARNING * * *
The howler monkey is engulfed in a cloud of scalding steam.
The howler monkey completely misses you.
You hit the steam dragon.
The steam dragon is moderately wounded.
The steam dragon completely misses you. The steam dragon claws you.
* * * LOW HITPOINT WARNING * * *
Casting: Ignite Poison (dangerous; 4% risk of failure)
Confirm with . or Enter, or press ? or * to list all spells.
You miscast Confusing Touch.
You are very lightly contaminated with residual magic.
Nothing appears to happen.
You are engulfed in a cloud of scalding steam.
* * * LOW HITPOINT WARNING * * *
The howler monkey is engulfed in a cloud of scalding steam.
The howler monkey dies!
The steam dragon bites you!
You die...

##. ##...## .......... .
#..##.....###......... ..
...##.....##.......(.
...##.#......##..........
......#...#.............#
..........###............
......<#...##..§§§.......
......##...##....D.......
.....# ###......@§§......
...## #......§§#....).
.## ###.#######..... #.#
..... ### .##.# #


You could see a steam dragon (very poisoned).

Vanquished Creatures
  Joseph (D:7)
  Maggie (D:6)
  Grinder (D:3)
  Eustachio (D:4)
  A steam dragon (D:7)
  Edmund (D:4)
  A water moccasin (D:5)
  An ice beast (D:6)
  3 ogres
  A phantom (D:7)
  A kobold brigand (D:6)
  A bullfrog (D:8)
  2 scorpions
  A howler monkey (D:6)
  A human zombie (Ossuary)
  2 orc priests
  4 hounds
  A sleepcap (D:6)
  2 orc wizards
  Terence (D:2)
  2 mummies (Ossuary)
  4 gnolls (D:3)
  9 adders
  2 white imps (D:6)
  A worm (D:2)
  3 dart slugs
  10 orcs
  7 ball pythons
  9 endoplasms
  3 giant cockroaches
  14 goblins
  8 hobgoblins
  8 jackals
  14 kobolds
  5 quokkas
  3 bats
  5 frilled lizards
  3 gnoll zombies (Ossuary)
  5 goblin zombies (Ossuary)
  4 hobgoblin zombies (Ossuary)
  An orc zombie (Ossuary)
  4 rats
152 creatures vanquished.

Vanquished Creatures (collateral kills)
  Menkaure (D:4)
  An orc (D:4)
2 creatures vanquished.

Vanquished Creatures (others)
  A howler monkey (D:8)
1 creature vanquished.

Grand Total: 155 creatures vanquished

Notes
Turn   | Place    | Note
-------+----------+-------------------------------------------
     0 | D:1      | thriggle the Octopode Hedge Wizard began the quest for the
                  | Orb.
     0 | D:1      | Reached XP level 1. HP: 11/11 MP: 4/4
   191 | D:1      | Reached XP level 2. HP: 17/17 MP: 6/6
   194 | D:1      | Learned a level 2 spell: Blink
   196 | D:1      | Learned a level 1 spell: Slow
   199 | D:1      | Learned a level 2 spell: Call Imp
   464 | D:1      | Reached skill level 3 in Stealth
   474 | D:1      | Reached skill level 1 in Short Blades
   486 | D:1      | Reached XP level 3. HP: 19/21 MP: 7/7
   738 | D:1      | Found a faded altar of an unknown god.
   756 | D:1      | Prayed at the altar of an unknown god.
   756 | D:1      | Became a worshipper of Vehumet
   756 | D:1      | Reached * piety under Vehumet
   756 | D:1      | Offered knowledge of Kiss of Death by Vehumet.
  1167 | D:2      | Noticed Terence
  1174 | D:2      | Killed Terence
  1175 | D:2      | Reached XP level 4. HP: 21/27 MP: 8/8
  1487 | D:2      | Reached ** piety under Vehumet
  1487 | D:2      | Offered knowledge of Shock by Vehumet.
  1490 | D:2      | Learned a level 1 spell: Shock
  1794 | D:3      | Reached XP level 5. HP: 29/31 MP: 9/9
  1849 | D:3      | Found Hedd's Book Shoppe.
  1936 | D:3      | Noticed an ogre
  1951 | D:3      | Learned a level 3 spell: Mephitic Cloud
  1998 | D:3      | Killed an ogre
  2077 | D:3      | Reached skill level 4 in Stealth
  2079 | D:3      | Reached XP level 6. HP: 32/36 MP: 11/11
  2232 | D:3      | Reached skill level 1 in Hexes
  2232 | D:3      | Reached skill level 1 in Poison Magic
  2308 | D:3      | Noticed Grinder
  2333 | D:3      | Killed Grinder
  2334 | D:3      | Reached skill level 1 in Air Magic
  2334 | D:3      | Reached skill level 1 in Evocations
  2334 | D:3      | Reached XP level 7. HP: 22/41 MP: 12/12
  2626 | D:3      | Upgraded the game from 0.31-a0-983-g7b6862f502 to
                  | 0.31-a0-1300-gb6740aa4e6
  2688 | D:4      | Noticed Eustachio
  2688 | D:4      | Noticed Edmund
  2734 | D:3      | Offered knowledge of Ignite Poison by Vehumet.
  2739 | D:3      | Learned a level 3 spell: Ignite Poison
  2791 | D:4      | Noticed Menkaure
  2839 | D:4      | Identified the amulet "Wiq Qiwn" {Spirit rElec rC- Dex+3
                  | SInv}
  2856 | D:3      | Reached *** piety under Vehumet
  3093 | D:4      | Killed Menkaure
  3112 | D:4      | Killed Eustachio
  3113 | D:4      | Reached skill level 1 in Fighting
  3113 | D:4      | Reached skill level 5 in Stealth
  3113 | D:4      | Reached skill level 1 in Transmutations
  3113 | D:4      | Reached skill level 1 in Fire Magic
  3113 | D:4      | Reached XP level 8. HP: 19/48 MP: 4/14
  3322 | D:4      | Killed Edmund
  3658 | D:5      | Entered Level 5 of the Dungeon
  3678 | D:5      | Found a hazy altar of Hepliaklqana.
  3754 | D:5      | Found a sand-covered staircase.
  3761 | Ossuary  | Entered an ossuary
  3901 | Ossuary  | Offered knowledge of Fulminant Prism by Vehumet.
  4797 | D:6      | Found Gomoad's Book Emporium.
  4956 | D:6      | Noticed Maggie
  4963 | D:6      | Killed Maggie
  4964 | D:6      | Reached XP level 9. HP: 54/55 MP: 15/15
  5048 | D:6      | Reached skill level 6 in Stealth
  5367 | D:6      | Reached **** piety under Vehumet
  5566 | D:6      | Learned a level 3 spell: Confusing Touch
  5622 | D:7      | Noticed a rust devil
  5623 | D:7      | Noticed a rust devil
  5723 | D:7      | Identified a scroll of acquirement
  5737 | D:7      | Acquired the +3 warlock's mirror {omnireflect}
  5737 | D:7      | Found the +3 warlock's mirror {omnireflect}
  5802 | D:7      | Found a staircase to the Ecumenical Temple.
  5951 | D:7      | Found a basalt altar of Yredelemnul.
  6128 | D:7      | Noticed Joseph
  6129 | D:7      | Found a white marble altar of Elyvilon.
  6134 | D:7      | Killed Joseph
  6297 | D:8      | Reached skill level 1 in Shields
  6315 | D:8      | Slain by a steam dragon

Illustrated notes

Levels and vault maps discovered:
D:1:      dpeg_arrival_stonehenge_8_columns, layout_loops_ring,
          chequers_ecumenical_altar_simple, hangedman_decor_riveting,
          amcnicky_mini_rare_corridor_liquid, fountainhead, hex_tiny,
          hangedman_decor_points
D:2:      layout_basic, uniq_terence
D:3:      layout_basic, serial_shops, shop, minmay_ogre_servants, uniq_grinder
D:4:      layout_cave_pools, minmay_misc_feat_tower,
          serial_library_hellmonk_hallway_b,
          serial_library_regret_index_small_wings, uniq_menkaure,
          uniq_eustachio, uniq_edmund
D:5:      layout_basic, worldfamousw_hep_ancestral_shrine,
          nicolae_ossuary_entry_plus, minmay_misc_feat_doors
D:6:      layout_loops_cross, serial_shops, nicolae_shop_tiny_waterfront,
          uniq_maggie
D:7:      cheibrodos_iron_armory, layout_cave_pools, kennysheep_ying_yang,
          minmay_temple_entry_butterflies, uniq_joseph
D:8:      layout_cave_pools, fedhas_bush_and_centaur_altar

Skill      XL: |  1  2  3  4  5  6  7  8  9 |
---------------+----------------------------+-----
Stealth        | 3 4 5 6 |  6.6
Short Blades   | 1 2 3 4 |  4.2
Conjurations   | 2 3 4 |  4.1
Summonings     | 2 |  2.1
Translocations | 2 |  2.1
Dodging        | 3 4 |  4.6
Hexes          | 1 2 |  2.9
Poison Magic   | 1 2 4 |  4.6
Air Magic      | 1 2 |  2.0
Evocations     | 1 2 3 |  3.5
Fighting       | 1 2 3 |  3.0
Spellcasting   | 4 |  4.8
Transmutations | 1 |  1.0
Fire Magic     | 1 2 |  2.0
Shields        | 1 |  1.0

Action                     |  1- 3 |  4- 6 |  7- 9 || total
---------------------------+-------+-------+-------++-------
  Melee: Dagger            |    45 |    50 |   192 ||   287
         Short sword       |    14 |       |       ||    14
         Constrict         |    11 |    14 |    55 ||    80
         Tentacles         |     9 |    10 |    56 ||    75
         Punch             |     1 |     2 |     3 ||     6
         Spear             |       |    13 |       ||    13
  Throw: Dart              |       |     7 |     4 ||    11
   Cast: Magic Dart        |     6 |     7 |       ||    13
         Call Imp          |     1 |     4 |     6 ||    11
         Shock             |       |     6 |     5 ||    11
         Slow              |       |     1 |     2 ||     3
         Blink             |       |     1 |       ||     1
         Mephitic Cloud    |       |       |    17 ||    17
         Ignite Poison     |       |       |     2 ||     2
         Confusing Touch   |       |       |     1 ||     1
    Use: Scroll            |       |     2 |    11 ||    13
         Potion            |       |       |     2 ||     2
   Stab: Sleeping          |    14 |     7 |    14 ||    35
         Confused          |       |       |     9 ||     9
 Armour: Skin              |    20 |    18 |    85 ||   123
  Dodge: Dodged            |    27 |    35 |   105 ||   167

Table legend: (Time is in decaauts)
 A = Elapsed time spent in this place.
 B = Non-inter-level travel time spent in this place.
 C = Inter-level travel time spent in this place.
 D = Time resting spent in this place.
 E = Time spent auto-exploring this place.
 F = Levels seen in this place.
 G = Mean time per level.
                   A        B        C        D        E       F      G
               +--------+--------+--------+--------+--------+-----+--------+
         Total |   6272 |   5740 |    532 |    108 |   3683 |   9 |  696.9 |
       Dungeon |   6056 |   5524 |    532 |    108 |   3683 |   8 |  757.0 |
       Ossuary |    216 |    216 |      0 |      0 |      0 |   1 |  216.0 |
               +--------+--------+--------+--------+--------+-----+--------+

Top non-repeatable levels by time:
     D:3: 1239 daAuts
     D:1: 956 daAuts
     D:5: 857 daAuts
     D:6: 830 daAuts
     D:2: 759 daAuts
     D:7: 695 daAuts
     D:4: 688 daAuts
 Ossuary: 216 daAuts
     D:8: 29 daAuts
